 Dungeon Crawl Stone Soup version 0.29.0-4-gdea44cf6ec (webtiles) character file.

Game seed: 6219671153058985557

360 qw the Chopper (level 6, 0/35 HPs)
             Began as a Tengu Warper on Aug 28, 2022.
             Succumbed to a scorpion's poison
             ... on level 5 of the Dungeon.
             The game lasted 00:00:22 (5479 turns).

qw the Chopper (Tengu Warper)                       Turns: 5479, Time: 00:00:23

Health: 0/35       AC: 10    Str: 13    XL:     6   Next: 65%
Magic:  10/10      EV:  9    Int:  8    God:
Gold:   223        SH:  0    Dex: 18    Spells: 9/9 levels left

rFire   . . .      SeeInvis .   Y - +0 broad axe (flame)
rCold   . . .      Faith    .   (no shield)
rNeg    + . .      Spirit   .   c - +0 plate armour
rPois   .          Reflect  .   (helmet restricted)
rElec   .          Harm     .   (no cloak)
rCorr   +          Rampage  .   (no gloves)
Will    .....                   (boots unavailable)
Stlth   ..........              d - amulet of the acrobat
HPRegen 0.11/turn               j - ring of Darkness {rN+ rCorr EV+4 Int-5 Dex+4}
MPRegen 0.12/turn               (no ring)

@: lethally poisoned (0 -> -16), about to teleport, marked, flying quickly and
evasively, quick
A: beak, talons 3, nimble flight
a: no special abilities


You were on level 5 of the Dungeon.
You visited 1 branch of the dungeon, and saw 5 of its levels.

You collected 223 gold pieces.


Innate Abilities, Weirdness & Mutations

You have a beak for a mouth.
You have claws for feet.
Your magical nature lets you fly swiftly and evasively.


   Skills:
 - Level 2.0 Fighting
 - Level 7.2 Axes
 - Level 1.0 Throwing
 + Level 2.1 Armour
 - Level 2.1 Dodging
 - Level 2.0 Spellcasting
 - Level 2.4 Translocations


You had 9 spell levels left.
You didn't know any spells.
Your spell library contained the following spells:

 Spells                   Type           Power      Damage    Failure   Level
 Blink                    Tloc           8%         N/A       100%        2
 Gell's Gravitas          Tloc           4%         N/A       100%        3
 Lesser Beckoning         Tloc           4%         N/A       100%        3
 Teleport Other           Tloc           4%         N/A       100%        3
 Manifold Assault         Tloc           4%         N/A       100%        5

Inventory:

Hand Weapons
 Y - a +0 broad axe of flaming (weapon)
Armour
 c - a +0 plate armour (worn)
Jewellery
 d - an amulet of the acrobat (around neck)
 j - the ring of Darkness (left hand) {rN+ rCorr EV+4 Int-5 Dex+4}
   (You acquired it on level 3 of the Dungeon)

   [ring of evasion]

   EV:        It affects your evasion (+4).
   Int:       It affects your intelligence (-5).
   Dex:       It affects your dexterity (+4).
   rN:        It protects you from negative energy.
   rCorr:     It protects you from acid and corrosion.
Scrolls
 b - a scroll of teleportation
 h - a scroll of identify
Potions
 a - 3 potions of haste
 e - a potion of berserk rage {unknown}
 f - 2 potions of curing
 g - a potion of attraction {unknown}
 k - a potion of mutation {unknown}

Dungeon Overview and Level Annotations

Branches:
Dungeon (5/15)
 Temple: D:4-7

Altars:
Cheibriados
Elyvilon
Makhleb
Sif Muna
Wu Jian
Yredelemnul

Shops:
D:1 (


Message History

The scorpion stings you but does no damage.
You closely miss the scorpion.
You claw the scorpion, but do no damage.
Your peck misses the scorpion.
The scorpion is moderately wounded.
You hit the scorpion but do no damage.
You feel very sick.
The scorpion stings you but does no damage. x3
You hit the scorpion but do no damage. You claw the scorpion.
The scorpion is moderately wounded.
You barely miss the scorpion.
You feel very sick.
The scorpion stings you but does no damage.
The scorpion closely misses you. The scorpion completely misses you.
An adder comes into view.
You slash the scorpion! You burn the scorpion. Your kick misses the scorpion.
You peck the scorpion, but do no damage.
The scorpion is severely wounded.
You hit the scorpion. You burn the scorpion.
You feel very sick.
The scorpion stings you but does no damage.
A scorpion comes into view.
The scorpion closely misses you. The scorpion barely misses you.
You hit the scorpion. You burn the scorpion. Your peck misses the scorpion.
The scorpion is almost dead.
You closely miss the scorpion.
You feel sick. The scorpion stings you.
You are lethally poisoned!
The scorpion poisons you! The scorpion barely misses you.
The scorpion stings you but does no damage.
5478 ||| READING 2 scrolls of teleportation.
As you read the scroll of teleportation, it crumbles to dust.
You feel strangely unstable.
You feel very sick.
An adder comes into view.
The scorpion stings you but does no damage. x2
You slash the scorpion! You burn the scorpion.
You kill the scorpion!
You closely miss the scorpion.
You die...

##... ..
..... .S
...... .#
......##.
....S.#s.
[....S# #.%s#
#@# #.######
#......#
######.######
#.........#
#.##.####.#
#.##.#..#.#
#.##.#..#.#
#.##.#..#.#


You could see 2 scorpions and 3 adders.

Vanquished Creatures
  An ogre (D:4)
  2 scorpions (D:5)
  A howler monkey (D:4)
  A hound (D:5)
  A mummy (D:3)
  4 gnolls (D:3)
  3 adders
  2 dart slugs
  An orc (D:4)
  11 ball pythons
  4 bats
  2 endoplasms
  2 giant cockroaches
  7 goblins
  4 hobgoblins
  6 jackals
  6 kobolds
  3 quokkas
  4 frilled lizards
  8 rats
73 creatures vanquished.

Notes
Turn   | Place    | Note
-------+----------+-------------------------------------------
     0 | D:1      | qw the Tengu Warper began the quest for the Orb.
     0 | D:1      | Reached XP level 1. HP: 12/12 MP: 4/4
     0 | D:1      | 0 ||| qw: Version: 0.1-a-89-g26bdef1
     0 | D:1      | 0 ||| qw: Game counter: 2225
     0 | D:1      | 0 ||| qw: Always use a shield: true
     0 | D:1      | 0 ||| qw: God list: Okawaru
     0 | D:1      | 0 ||| qw: Allow faded altars: false
     0 | D:1      | 0 ||| qw: Do Orc after D:15 true
     0 | D:1      | 0 ||| qw: Do second Lair branch before Depths: true
     0 | D:1      | 0 ||| qw: Lair rune preference: random
     0 | D:1      | 0 ||| qw: Plans: Normal
     0 | D:1      | 0 ||| PLANNING D:1-11
    59 | D:1      | 59 ||| Stepping ~*~*~tactically~*~*~ (hiding).
   161 | D:1      | 161 ||| Stepping ~*~*~tactically~*~*~ (hiding).
   383 | D:1      | 383 ||| Stepping ~*~*~tactically~*~*~ (stealth).
   384 | D:1      | 384 ||| Stepping ~*~*~tactically~*~*~ (stealth).
   387 | D:1      | 387 ||| Stepping ~*~*~tactically~*~*~ (stealth).
   388 | D:1      | 388 ||| Stepping ~*~*~tactically~*~*~ (stealth).
   401 | D:1      | Reached skill level 3 in Axes
   401 | D:1      | Reached XP level 2. HP: 10/17 MP: 6/6
   871 | D:1      | 871 ||| Stepping ~*~*~tactically~*~*~ (stealth).
   872 | D:1      | 872 ||| Stepping ~*~*~tactically~*~*~ (stealth).
   929 | D:1      | 929 ||| Stepping ~*~*~tactically~*~*~ (stealth).
  1099 | D:1      | Found Rileider's Weapon Emporium.
  1107 | D:1      | 1107 ||| SHOPLISTING +3 whip of holy wrath (279 gold, have
                  | 48).
  1176 | D:1      | Reached XP level 3. HP: 21/21 MP: 7/7
  1388 | D:1      | Found a faded altar of an unknown god.
  1458 | D:1      | 1458 ||| READING scroll labelled GIUQAE ZIZEU.
  1459 | D:1      | 1459 ||| DROPPING scroll of blinking.
  1537 | D:2      | Reached skill level 4 in Axes
  1541 | D:2      | HP: 5/21 [poisoned by an adder]
  1547 | D:2      | HP: 2/21 [jackal (2)]
  1550 | D:2      | 1550 ||| Stepping ~*~*~tactically~*~*~ (stealth).
  2263 | D:2      | 2263 ||| Stepping ~*~*~tactically~*~*~ (stealth).
  2268 | D:2      | Reached XP level 4. HP: 25/26 MP: 8/8
  2328 | D:2      | 2328 ||| Stepping ~*~*~tactically~*~*~ (stealth).
  2329 | D:2      | 2329 ||| Stepping ~*~*~tactically~*~*~ (stealth).
  2486 | D:2      | 2486 ||| READING scroll labelled KUXASTRYCKA.
  2486 | D:2      | Identified a scroll of acquirement
  2486 | D:2      | 2486 ||| ACQUIRING amulet of the acrobat
  2486 | D:2      | Acquired an amulet of the acrobat
  2488 | D:2      | 2488 ||| UPGRADING to amulet of the acrobat.
  2493 | D:2      | 2493 ||| READING scroll labelled VUFUALE TOADAFO.
  2578 | D:3      | 2578 ||| DROPPING +0 club.
  2692 | D:3      | 2692 ||| Stepping ~*~*~tactically~*~*~ (stealth).
  2700 | D:3      | 2700 ||| Stepping ~*~*~tactically~*~*~ (stealth).
  2702 | D:3      | 2702 ||| Stepping ~*~*~tactically~*~*~ (stealth).
  2706 | D:3      | 2706 ||| Stepping ~*~*~tactically~*~*~ (stealth).
  3078 | D:3      | 3078 ||| Stepping ~*~*~tactically~*~*~ (stealth).
  3114 | D:3      | Reached skill level 5 in Axes
  3231 | D:3      | HP: 5/26 [gnoll/+0 club (2)]
  3233 | D:3      | Gained mutation: Your magical nature lets you fly swiftly
                  | and evasively. [Tengu growth]
  3233 | D:3      | Reached XP level 5. HP: 6/30 MP: 9/9
  3584 | D:3      | 3584 ||| READING 2 scrolls of acquirement.
  3584 | D:3      | 3584 ||| ACQUIRING +0 broad axe of flaming
  3584 | D:3      | Acquired a +0 broad axe of flaming
  3586 | D:3      | 3586 ||| SWAPPING to +0 broad axe of flaming.
  3587 | D:3      | 3587 ||| DROPPING +0 flail.
  3588 | D:3      | 3588 ||| DROPPING +0 hand axe.
  3589 | D:3      | 3589 ||| READING scroll of acquirement.
  3589 | D:3      | 3589 ||| ACQUIRING ring of Darkness {rN+ rCorr EV+4 Int-5
                  | Dex+4}
  3589 | D:3      | Acquired the ring of Darkness {rN+ rCorr EV+4 Int-5 Dex+4}
  3591 | D:3      | 3591 ||| UPGRADING to ring of Darkness {rN+ rCorr EV+4
                  | Int-5 Dex+4}.
  3646 | D:3      | Found a snail-covered altar of Cheibriados.
  3902 | D:3      | 3902 ||| UPGRADING to +0 chain mail.
  3912 | D:3      | 3912 ||| DROPPING +0 leather armour.
  3913 | D:3      | 3913 ||| READING 2 scrolls labelled YCAEPL PUNOU.
  4014 | D:3      | 4014 ||| READING scroll labelled ZUKHIR DOJOEPS.
  4015 | D:3      | 4015 ||| READING scroll labelled YKEAJIEMUF.
  4016 | D:3      | 4016 ||| READING 3 scrolls of identify.
  4016 | D:3      | 4016 ||| IDENTIFYING fizzy white potion
  4017 | D:3      | 4017 ||| READING 2 scrolls of identify.
  4017 | D:3      | 4017 ||| IDENTIFYING metallic cyan potion
  4018 | D:3      | 4018 ||| DROPPING scroll of silence.
  4019 | D:3      | 4019 ||| Stepping randomly (stuck).
  4020 | D:3      | 4020 ||| Stepping ~*~*~tactically~*~*~ (cloud).
  4485 | D:4      | Noticed an ogre
  4493 | D:4      | HP: 3/30 [ogre/+0 giant spiked club (27)]
  4494 | D:4      | 4494 ||| DRINKING potion of heal wounds.
  4495 | D:4      | Killed an ogre
  4496 | D:4      | Reached skill level 6 in Axes
  4496 | D:4      | Reached XP level 6. HP: 8/35 MP: 10/10
  4931 | D:4      | 4931 ||| FLEEEEING.
  4932 | D:4      | 4932 ||| FLEEEEING.
  4933 | D:4      | 4933 ||| FLEEEEING.
  4934 | D:4      | 4934 ||| FLEEEEING.
  5286 | D:4      | Found a shimmering blue altar of Sif Muna.
  5286 | D:4      | Found a white marble altar of Elyvilon.
  5293 | D:4      | Found a burning altar of Makhleb.
  5295 | D:4      | Found a basalt altar of Yredelemnul.
  5297 | D:4      | Found an ornate altar of the Wu Jian Council.
  5374 | D:4      | 5374 ||| UPGRADING to +0 plate armour.
  5384 | D:4      | 5384 ||| DROPPING +0 chain mail.
  5385 | D:4      | 5385 ||| READING 3 scrolls labelled QAUXTI HEPIO.
  5390 | D:4      | 5390 ||| READING scroll labelled KUECIO NOME.
  5391 | D:4      | 5391 ||| DRINKING 3 purple potions.
  5408 | D:5      | Entered Level 5 of the Dungeon
  5466 | D:5      | Reached skill level 7 in Axes
  5477 | D:5      | HP: 8/35 [scorpion (2)]
  5478 | D:5      | 5478 ||| READING 2 scrolls of teleportation.
  5479 | D:5      | Succumbed to a scorpion's poison

Levels and vault maps discovered:
D:1:      evilmike_arrival_hilbert_curve, layout_basic,
          shapermc_ecumenical_altar_hornbeckon, serial_shops,
          nicolae_shop_bloodbath_and_beyond
D:2:      layout_loops_cross
D:3:      layout_loops_ring, slow_altar_2
D:4:      layout_cave_pods, chequers_temple_overflow_minitemple,
          corexii_corridor_pit
D:5:      layout_basic

Skill      XL: |  1  2  3  4  5  6 |
---------------+-------------------+-----
Axes           | 3 4 5 6 7 |  7.2
Armour         | 2 |  2.1
Fighting       | |  2.0
Throwing       | |  1.0
Dodging        | |  2.1
Spellcasting   | |  2.0
Translocations | |  2.4

Action                   |  1- 3 |  4- 6 || total
-------------------------+-------+-------++-------
Melee: Hand axe          |    67 |    55 ||   122
       Kick              |    18 |    28 ||    46
       Peck              |     9 |     9 ||    18
       Broad axe         |       |    43 ||    43
Throw: Boomerang         |     7 |       ||     7
  Use: Scroll            |     1 |    12 ||    13
       Potion            |       |     2 ||     2
 Stab: Distracted        |     1 |       ||     1
Armor: Leather armour    |    12 |     3 ||    15
       Chain mail        |       |     6 ||     6
       Plate armour      |       |    13 ||    13
Dodge: Dodged            |    35 |    62 ||    97

Table legend:
 A = Non-vault XP
 B = Vault XP
 C = Vault XP percentage of total XP
 D = Non-vault monster count
 E = Vault monster count
 F = Vault count percentage of total count
                 A         B        C        D         E       F
            +---------+---------+-------+---------+---------+-------
      Total |     580 |      18 |   3.0 |      72 |       1 |   1.4
            +---------+---------+-------+---------+---------+-------
        D:1 |      36 |       0 |   0.0 |      18 |       0 |   0.0
        D:2 |      52 |       0 |   0.0 |      19 |       0 |   0.0
        D:3 |      92 |      18 |  16.4 |      19 |       1 |   5.0
        D:4 |     191 |       0 |   0.0 |      13 |       0 |   0.0
        D:5 |     209 |       0 |   0.0 |       3 |       0 |   0.0
            +---------+---------+-------+---------+---------+-------
